 Dungeon Crawl Stone Soup version 0.27-a0-1322-gfdffb62a71 (webtiles) character file.

Game seed: 12257760266835501563

5910 spiderkeys the Grappler (level 10, -5/102 HPs)
             Began as a Troll Abyssal Knight on June 22, 2021.
             Was a High Priest of Lugonu.
             Slain by a wraith (10 damage)
             ... on level 9 of the Dungeon.
             The game lasted 00:14:24 (7402 turns).

spiderkeys the Grappler (Troll Abyssal Knight)      Turns: 7402, Time: 00:14:25

Health: -5/102     AC:  5    Str: 25    XL:     10   Next: 53%
Magic:  14/14      EV: 10    Int:  8    God:    Lugonu [*****.]
Gold:   1308       SH:  0    Dex: 15    Spells: 9/9 levels left

rFire    . . .     SeeInvis .     - Unarmed
rCold    . . .     Faith    .   (no shield)
rNeg     . . .     Spirit   .   a - +0 robe
rPois    .         Reflect  .   (helmet restricted)
rElec    .         Harm     .   t - +0 cloak
rCorr    .         Rampage  .   (gloves unavailable)
Will     .....                  (boots unavailable)
Stlth    +.........             (no amulet)
HPRegen  1.27/turn              L - ring of flight
MPRegen  0.14/turn              D - +6 ring of dexterity

@: on berserk cooldown, flying, slowed, very slow
A: large, unfitting armour, claws 3, regeneration 1, shaggy fur 1, tough skin 1
a: Renounce Religion, Depart the Abyss, Bend Space, Banish, Corrupt, Enter the
Abyss


You were on level 9 of the Dungeon.
You worshipped Lugonu.
Lugonu was extremely pleased with you.
You visited 1 branch of the dungeon, and saw 9 of its levels.
You visited the Abyss 1 time.

You collected 1308 gold pieces.


Innate Abilities, Weirdness & Mutations

You are too large for most types of armour.
You have claws for hands.
Your natural rate of healing is unusually fast.
You are covered in fur. (AC +1)
You have tough skin. (AC +1)


   Skills:
 + Level 7.2 Fighting
 + Level 6.4 Armour
 - Level 2.1 Dodging
 + Level 8.2 Unarmed Combat
 + Level 7.5 Invocations


You had 9 spell levels left.
You didn't know any spells.
Your spell library contained the following spells:

 Spells                   Type           Power      Damage    Failure   Level
 Corona                   Hex            0%         N/A       41%         1
 Freeze                   Ice            0%         1d3       41%         1
 Magic Dart               Conj           0%         1d3       41%         1
 Sting                    Tmut/Pois      0%         1d3       41%         1
 Blink                    Tloc           N/A        N/A       54%         2
 Call Imp                 Summ           0%         N/A       54%         2
 Poisonous Vapours        Pois/Air       0%         N/A       54%         2
 Searing Ray              Conj           0%         3d3       54%         2
 Slow                     Hex            0%         N/A       54%         2
 Sublimation of Blood     Necr           0%         N/A       54%         2
 Confusing Touch          Hex            0%         N/A       78%         3
 Conjure Flame            Conj/Fire      0%         6-21      78%         3
 Dazzling Flash           Conj/Hex       0%         N/A       78%         3
 Frozen Ramparts          Ice            0%         1d2       78%         3
 Ignite Poison            Fire/Tmut/Pois 0%         N/A       78%         3
 Inner Flame              Hex/Fire       0%         N/A       78%         3
 Mephitic Cloud           Conj/Pois/Air  0%         N/A       78%         3
 Ozocubu's Armour         Ice            0%         N/A       78%         3
 Portal Projectile        Hex/Tloc       0%         N/A       78%         3
 Cause Fear               Hex            0%         N/A       99%         4
 Fulminant Prism          Conj/Hex       0%         3d6       99%         4
 Hailstorm                Conj/Ice       0%         3d3       99%         4
 Iskenderun's Mystic Bla  Conj/Tloc      0%         2d3       99%         4
 Leda's Liquefaction      Hex/Erth       0%         N/A       99%         4
 Olgreb's Toxic Radiance  Pois           0%         N/A       99%         4
 Metabolic Englaciation   Hex/Ice        0%         N/A       100%        5

Inventory:

Missiles
 e - 3 atropa-tipped darts
 h - 60 arrows
 i - a throwing net {=f!f}
 j - 59 poisoned darts
 l - 61 bolts
 m - 11 boomerangs
 n - 167 stones
 E - 4 large rocks {=f}
 H - 23 sling bullets
Armour
 a - a +0 robe (worn)
 t - a +0 cloak (worn)
   (You took it off Crazy Yiuf on level 2 of the Dungeon)
Jewellery
 D - a +6 ring of dexterity (right claw)
   (You found it on level 3 of the Dungeon)
 F - a ring of protection from fire
   (You found it on level 2 of the Dungeon)
 L - a ring of flight (left claw)
   (You found it on level 2 of the Dungeon)
Wands
 w - a wand of mindburst (13)
   (You found it on level 3 of the Dungeon)
 y - a wand of paralysis (3)
   (You took it off an orc on level 3 of the Dungeon)
 I - a wand of charming (4)
   (You found it on level 7 of the Dungeon)
 J - a wand of flame (21)
   (You found it on level 7 of the Dungeon)
Scrolls
 f - 2 scrolls of brand weapon
 g - 3 scrolls of immolation {!r!r}
 k - a scroll of vulnerability {!r!r}
 p - 2 scrolls of amnesia
 r - 2 scrolls of enchant armour {unknown}
 s - a scroll of holy word {unknown}
 v - 3 scrolls of teleportation {unknown}
 x - 3 scrolls of magic mapping {unknown}
 A - a scroll of fear {unknown}
 G - a scroll of silence {unknown}
Potions
 b - a potion of flight {unknown}
 c - 2 potions of attraction {unknown}
 d - a potion of curing {@q1}
 o - a potion of heal wounds {unknown}
 q - 2 potions of berserk rage {!q}
 u - a potion of resistance {unknown}
 z - 2 potions of haste {unknown}
 B - 3 potions of ambrosia
 C - 3 potions of brilliance {unknown}

Dungeon Overview and Level Annotations

Branches:
Dungeon (9/15)             Temple (0/1) D:5            Lair (0/6) D:9
    Orc: D:9-12

Altars:
Okawaru
Uskayaw
Zin

Shops:
D:2 [ D:6

**( ###...........###.........
# ##...........#..........
##..................... #
##......................
###.....).........#####P#.
.#.......[.......##
................<#
.................#
................@##
..........>.>..WyF###+#
...........>..........#
......................###...
..................)..†.#....
.#..................[.......
...........................Y..
........................
........................


You could see a wraith, a bullfrog and a killer bee.


Message History

You now have 153 max hp (+51).
You regained 10 hp, and now have 38/153 hp.
You claw the centaur! The killer bee barely misses you. The bullfrog hits you.
* * * LOW HITPOINT WARNING * * *
The centaur hits you but does no damage.
The centaur kicks you but does no damage.
The killer bee stings you but does no damage.
The bullfrog hits you.
* * * LOW HITPOINT WARNING * * *
😱 HP[-8]
You take 8 damage, and now have 30/153 hp.
You closely miss the centaur. The killer bee stings you.
* * * LOW HITPOINT WARNING * * *
The centaur hits you.
* * * LOW HITPOINT WARNING * * *
The centaur barely misses you. The bullfrog hits you.
* * * LOW HITPOINT WARNING * * *
The killer bee stings you but does no damage. 😱 HP[-9]
You take 9 damage, and now have 21/153 hp.
You claw the centaur!
The centaur hits you but does no damage.
The centaur barely misses you. The killer bee stings you.
* * * LOW HITPOINT WARNING * * *
The bullfrog hits you.
* * * LOW HITPOINT WARNING * * *
The centaur barely misses you.
The centaur kicks you but does no damage.
The killer bee stings you.
* * * LOW HITPOINT WARNING * * *
😱 HP[-6]
You take 6 damage, and now have 15/153 hp.
You mangle the centaur!!
You kill the centaur!
Lugonu accepts your kill. The bullfrog misses you.
The killer bee stings you but does no damage.
The bullfrog barely misses you. 😱 HP[+2]
You regained 2 hp, and now have 17/153 hp.
You claw the killer bee! The killer bee barely misses you.
The killer bee stings you.
* * * LOW HITPOINT WARNING * * *
The bullfrog hits you but does no damage.
The wraith hits you.
* * * LOW HITPOINT WARNING * * *
The wraith drains your vigour!
You feel as though you will be slow longer. 😱 HP[-11]
You take 11 damage, and now have 6/153 hp.
The killer bee stings you.
* * * LOW HITPOINT WARNING * * *
You are poisoned.
The killer bee poisons you! 😱 HP[-3]
You take 3 damage, and now have 3/153 hp.
You are too berserk!
You feel a strong urge to attack something.
You feel sick. The killer bee closely misses you. The bullfrog hits you.
* * * LOW HITPOINT WARNING * * *
😱 HP[-2]
You take 2 damage, and now have 1/153 hp.
You are no longer berserk.
You are exhausted.
You feel as though you will be slow longer.
You feel sick.
The killer bee stings you but does no damage.
You now have 102 max hp (-51).
You feel better.
The killer bee stings you but does no damage.
The bullfrog hits you.
* * * LOW HITPOINT WARNING * * *
The killer bee stings you but does no damage.
The bullfrog closely misses you. The killer bee closely misses you.
The bullfrog closely misses you. 😱 HP[+11]
You regained 11 hp, and now have 12/102 hp.
You feel better. The killer bee stings you.
* * * LOW HITPOINT WARNING * * *
You are poisoned.
The killer bee poisons you! The killer bee stings you.
* * * LOW HITPOINT WARNING * * *
You are more poisoned.
The killer bee poisons you! The bullfrog hits you.
* * * LOW HITPOINT WARNING * * *
The killer bee stings you but does no damage.
The bullfrog hits you.
* * * LOW HITPOINT WARNING * * *
😱 HP[-5]
You take 5 damage, and now have 7/102 hp.
You feel better. The killer bee closely misses you. The killer bee stings you.
* * * LOW HITPOINT WARNING * * *
The bullfrog barely misses you. The wraith hits you.
* * * LOW HITPOINT WARNING * * *
The wraith drains your vigour!
You feel as though you will be slow longer.
The killer bee stings you but does no damage.
The bullfrog hits you but does no damage.
The wraith hits you!
You die...

Skill      XL: |  1  2  3  4  5  6  7  8  9 10 |
---------------+-------------------------------+-----
Dodging        | 2 |  2.1
Invocations    | 2 3 4 5 6 7 |  7.5
Fighting       | 3 4 5 6 7 |  7.2
Armour         | 1 2 3 4 5 6 |  6.4
Unarmed Combat | 3 4 6 7 8 |  8.2

Action                   |  1- 3 |  4- 6 |  7- 9 | 10-12 || total
-------------------------+-------+-------+-------+-------++-------
Melee: Unarmed           |    70 |    83 |   398 |    91 ||   642
       Punch             |       |     2 |     9 |     1 ||    12
Throw: Dart              |       |       |     3 |       ||     3
Invok: Depart the Abyss  |     1 |       |       |       ||     1
       Bend Space        |       |       |     2 |       ||     2
  Use: Scroll            |       |       |     6 |       ||     6
       Potion            |       |       |       |     5 ||     5
 Stab: Sleeping          |     1 |       |     4 |       ||     5
Armor: Robe              |    16 |    24 |   101 |    46 ||   187
Dodge: Dodged            |    37 |    32 |   197 |    98 ||   364

Levels and vault maps discovered:
D:1:      nicolae_arrival_memento_mori, layout_rooms,
          hellmonk_ecumenical_altar_leap_of_faith
D:2:      layout_loops_cross, serial_shops, shop, uniq_crazy_yiuf_cottage
D:3:      lemuel_castle_with_subvaults [lemuel_castle_interior_carwin_2],
          layout_loops_ring, uniq_sigmund
D:4:      layout_loops_corners, dancing_weapons_uskayaw, serial_bayou_lagoon_b
D:5:      layout_loops_ring, okawaru_ov_weapons_minmay,
          minmay_temple_entry_glassed_door
D:6:      layout_basic, serial_shops, shop, shop, nicolae_shop_crystal
D:7:      layout_rooms
D:8:      layout_basic, zin_academy, uniq_pikel, uniq_grum
D:9:      layout_big_octagon, gammafunk_temple_overflow_forgotten,
          lair_entry_dummy

Notes
Turn   | Place    | Note
-------+----------+-------------------------------------------
     0 | Abyss:1  | spiderkeys the Troll Abyssal Knight began the quest for the
                  | Orb.
     0 | Abyss:1  | Reached XP level 1. HP: 22/22 MP: 1/1
     0 | Abyss:1  | magus.rc [v1.9.10]
    28 | Abyss:2  | Noticed a large abomination
    52 | Abyss:2  | Noticed a large abomination
    77 | Abyss:3  | Noticed a demonic crawler
    88 | D:1      | You pass through the gate.
    88 | D:1      | Escaped the Abyss
   173 | D:1      | Reached skill level 2 in Dodging
   300 | D:1      | Found a faded altar of an unknown god.
   308 | D:1      | Reached * piety under Lugonu
   309 | D:1      | Reached XP level 2. HP: 29/29 MP: 2/2
   566 | D:2      | Found Qipuen's Antique Armour Shoppe.
   641 | D:2      | Reached skill level 2 in Invocations
   669 | D:2      | Reached XP level 3. HP: 36/36 MP: 3/3
   706 | D:2      | You fall into a shaft and drop 2 floors!
   740 | D:4      | Noticed a black bear
   751 | D:4      | Killed a black bear
   752 | D:4      | Reached skill level 3 in Fighting
   752 | D:4      | Reached skill level 1 in Armour
   752 | D:4      | Reached skill level 3 in Unarmed Combat
   752 | D:4      | Reached XP level 4. HP: 21/45 MP: 4/4
   790 | D:4      | Noticed a black bear
   800 | D:4      | Killed a black bear
   801 | D:4      | Reached skill level 3 in Invocations
   801 | D:4      | Reached XP level 5. HP: 39/53 MP: 4/6
  1085 | D:3      | Noticed Sigmund
  1095 | D:3      | Killed Sigmund
  1096 | D:3      | Reached skill level 2 in Armour
  1096 | D:3      | Reached XP level 6. HP: 37/62 MP: 7/7
  1133 | D:2      | Reached ** piety under Lugonu
  1248 | D:2      | Found a runed translucent door.
  1249 | D:2      | Noticed Crazy Yiuf
  1622 | D:2      | Killed Crazy Yiuf
  1623 | D:2      | Reached skill level 4 in Unarmed Combat
  1761 | D:3      | Reached XP level 7. HP: 68/68 MP: 8/8
  2002 | D:3      | You pick up a book of Minor Magic and begin reading...
  2002 | D:3      | You add the spells Magic Dart, Blink, Call Imp, Slow,
                  | Conjure Flame and Mephitic Cloud to your library.
  2156 | D:3      | Reached skill level 4 in Fighting
  2223 | D:3      | Reached skill level 4 in Invocations
  2294 | D:3      | Reached skill level 3 in Armour
  2299 | D:3      | Reached *** piety under Lugonu
  2381 | D:3      | Paralysed by an orc for 3 turns
  2620 | D:3      | You add the spells Sting, Poisonous Vapours, Ignite Poison
                  | and Olgreb's Toxic Radiance to your library.
  2753 | D:4      | You pick up a book of Debilitation and begin reading...
  2753 | D:4      | You add the spells Corona, Inner Flame, Portal Projectile,
                  | Cause Fear and Leda's Liquefaction to your library.
  2760 | D:4      | Reached XP level 8. HP: 76/79 MP: 10/10
  2768 | D:4      | Reached skill level 5 in Unarmed Combat
  2896 | D:4      | Found a hide-covered altar of Uskayaw.
  2896 | D:4      | Noticed a +0 hand axe
  2897 | D:4      | Noticed a +0 hand axe
  2909 | D:4      | Identified a scroll of acquirement
  2910 | D:4      | Acquired 849 gold pieces
  3430 | D:5      | Entered Level 5 of the Dungeon
  3601 | D:5      | Reached skill level 5 in Fighting
  3601 | D:5      | Reached skill level 4 in Armour
  3601 | D:5      | Reached skill level 5 in Invocations
  3630 | D:5      | You pick up a book of Frost and begin reading...
  3630 | D:5      | You add the spells Freeze, Frozen Ramparts, Ozocubu's
                  | Armour, Hailstorm and Metabolic Englaciation to your
                  | library.
  3672 | D:5      | Found a staircase to the Ecumenical Temple.
  3693 | D:5      | You pick up a book of Conjurations and begin reading...
  3693 | D:5      | You add the spells Searing Ray, Dazzling Flash, Fulminant
                  | Prism and Iskenderun's Mystic Blast to your library.
  3906 | D:5      | Reached **** piety under Lugonu
  4028 | D:5      | Found an iron altar of Okawaru.
  4196 | D:6      | Found Bopha's Assorted Antiques.
  4328 | D:6      | Reached skill level 6 in Unarmed Combat
  4389 | D:6      | Found Vuar's General Store.
  4430 | D:6      | Reached XP level 9. HP: 50/88 MP: 12/12
  4613 | D:6      | Found Wysur's Weapon Shop.
  5369 | D:7      | Reached skill level 5 in Armour
  5579 | D:7      | Reached skill level 6 in Invocations
  5749 | D:8      | Reached skill level 6 in Fighting
  5765 | D:8      | Identified the Papyrus of Evil Bewitchment
  5766 | D:8      | You add the spells Sublimation of Blood and Confusing Touch
                  | to your library.
  5956 | D:7      | Reached skill level 7 in Unarmed Combat
  6017 | D:8      | Noticed Pikel
  6100 | D:7      | Killed Pikel
  6250 | D:8      | Noticed a two-headed ogre
  6319 | D:8      | Killed a two-headed ogre
  6320 | D:8      | Reached XP level 10. HP: 55/100 MP: 12/14
  6408 | D:8      | Found a glowing silver altar of Zin.
  6626 | D:8      | Noticed Grum
  6644 | D:8      | Killed Grum
  6645 | D:8      | Reached skill level 6 in Armour
  6649 | D:8      | Reached skill level 7 in Invocations
  7208 | D:9      | Reached skill level 7 in Fighting
  7208 | D:9      | Reached skill level 8 in Unarmed Combat
  7301 | D:8      | Reached ***** piety under Lugonu
  7372 | D:9      | Found a staircase to the Lair.
  7391 | D:9      | HP: 38/153 [centaur (2)]
  7394 | D:9      | HP: 18/153 [bullfrog (3)]
  7396 | D:9      | HP: 6/153 [wraith (6)]
  7398 | D:9      | HP: 2/153 [poisoned by a killer bee]
  7402 | D:9      | Slain by a wraith

Vanquished Creatures
  A two-headed ogre (D:8)
  Pikel (D:7)
  A kobold demonologist (D:9)
  Sigmund (D:3)
  A vampire (D:6)
  3 yaks (D:8)
  A steam dragon (D:8)
  Grum (D:8)
  3 black bears
  An ice beast (D:8)
  An orc warrior (D:9)
  A sky beast (D:6)
  3 wolves (D:8)
  4 ogres
  2 centaurs
  2 necrophages (D:5)
  2 lemures
  2 kobold brigands
  A wyvern zombie (D:8)
  A scorpion (D:5)
  A water moccasin zombie (D:4)
  A water moccasin skeleton (D:4)
  5 killer bees
  3 wights (D:8)
  3 jellies
  7 howler monkeys
  4 hounds
  4 orc priests
  3 centaur skeletons
  2 gnoll shamans
  Crazy Yiuf (D:2)
  A bullfrog skeleton (D:5)
  A scorpion zombie (D:5)
  An iguana (D:5)
  5 orc wizards
  A hound zombie (D:5)
  2 hound skeletons (D:5)
  22 gnolls
  3 adders
  A white imp (D:4)
  An ufetubus (D:7)
  An adder skeleton (D:4)
  A worm (D:2)
  2 dart slugs
  32 orcs
  6 endoplasms
  3 giant cockroaches
  6 goblins
  4 hobgoblins
  19 jackals
  2 quokkas
  12 ball pythons
  3 bats (D:3)
  A frilled lizard (D:3)
  12 kobolds
  6 rats
215 creatures vanquished.

Vanquished Creatures (others)
  3 plants
3 creatures vanquished.

Grand Total: 218 creatures vanquished

Table legend:
 A = Non-vault XP
 B = Vault XP
 C = Vault XP percentage of total XP
 D = Non-vault monster count
 E = Vault monster count
 F = Vault count percentage of total count
                 A         B        C        D         E       F
            +---------+---------+-------+---------+---------+-------
      Total |    6322 |    2121 |  25.1 |     155 |      58 |  27.2
            +---------+---------+-------+---------+---------+-------
        D:1 |      23 |       0 |   0.0 |      14 |       0 |   0.0
        D:2 |      65 |      42 |  39.3 |      22 |       2 |   8.3
        D:3 |      20 |     916 |  97.9 |      12 |      51 |  81.0
        D:4 |     606 |       0 |   0.0 |      23 |       0 |   0.0
        D:5 |     818 |       0 |   0.0 |      15 |       0 |   0.0
        D:6 |     593 |       0 |   0.0 |       9 |       0 |   0.0
        D:7 |     675 |     629 |  48.2 |      23 |       1 |   4.2
        D:8 |    2742 |     534 |  16.3 |      30 |       4 |  11.8
        D:9 |     780 |       0 |   0.0 |       7 |       0 |   0.0
            +---------+---------+-------+---------+---------+-------

Illustrated notes

Table legend:
 A = Kills in this place as a percentage of kills in entire the game.
 B = Kills by you in this place as a percentage of kills by you in the entire game.
 C = Kills by friends in this place as a percentage of kills by friends in the entire game.
 D = Other kills in this place as a percentage of other kills in the entire game.
 E = Experience gained in this place as a percentage of experience gained in the entire game.
 F = Experience gained in this place divided by the number of levels of this place that you have seen.
                   A       B       C       D       E      F
               +-------+-------+-------+-------+-------+----------------------
         Total | 100.0 | 100.0 |   N/A |   N/A | 100.0 | 703.6
       Dungeon | 100.0 | 100.0 |   N/A |   N/A | 100.0 | 938.1
               +-------+-------+-------+-------+-------+----------------------

Table legend: (Time is in decaauts)
 A = Elapsed time spent in this place.
 B = Non-inter-level travel time spent in this place.
 C = Inter-level travel time spent in this place.
 D = Time resting spent in this place.
 E = Time spent auto-exploring this place.
 F = Levels seen in this place.
 G = Mean time per level.
                   A        B        C        D        E       F      G
               +--------+--------+--------+--------+--------+-----+--------+
         Total |   7371 |   7150 |    221 |    221 |   5402 |  12 |  614.2 |
       Dungeon |   7284 |   7063 |    221 |    221 |   5402 |   9 |  809.3 |
         Abyss |     87 |     87 |      0 |      0 |      0 |   3 |   29.0 |
               +--------+--------+--------+--------+--------+-----+--------+

Top non-repeatable levels by time:
     D:8: 1428 daAuts
     D:3: 1109 daAuts
     D:4: 1033 daAuts
     D:6: 944 daAuts
     D:5: 755 daAuts
     D:2: 728 daAuts
     D:7: 609 daAuts
     D:1: 464 daAuts
     D:9: 210 daAuts
 Abyss:2: 48 daAuts
 Abyss:1: 24 daAuts
 Abyss:3: 14 daAuts
